 Dungeon Crawl Stone Soup version 0.31-a0-240-gb923e448b6 (webtiles) character file.

Game seed: 4132498432223057978

2128 qw the Skirmisher (level 9, -7/55 HPs)
             Began as a Gargoyle Hexslinger on July 12, 2023.
             Was a Believer of Okawaru.
             Killed by divine providence
             ... invoked by an orc priest
              (12 damage)
             ... on level 9 of the Dungeon.
             The game lasted 00:02:23 (6134 turns).

qw the Skirmisher (Gargoyle Hexslinger)             Turns: 6134, Time: 00:02:24

Health: -7/55      AC: 16    Str: 12    XL:     9   Next: 29%
Magic:  12/12      EV: 16    Int: 14    God:    Okawaru [**....]
Gold:   28         SH:  0    Dex: 22    Spells: 9/10 levels left

rFire   . . .        a - +0 orcbow
rCold   . . .        (shield currently unavailable)
rNeg    + . .        b - +0 ring mail
rPois   inf          (no helmet)
rElec   +            (no cloak)
rCorr   .            (no gloves)
SInv    .            i - +2 pair of boots
Will    .....        o - amulet of faith
Stlth   +++          h - +6 ring of dexterity
HPRegen 0.29/turn    m - +4 ring of slaying {mikee}
MPRegen 0.13/turn

%: faith
@: heroic
A: sickness immunity, AC +6, negative energy resistance 1, electricity
resistance, torment resistance 1, petrification resistance
a: Renounce Religion, Heroism


You were on level 9 of the Dungeon.
You worshipped Okawaru.
Okawaru was pleased with you.
You visited 2 branches of the dungeon, and saw 9 of its levels.

You collected 197 gold pieces.
You spent 169 gold pieces at shops.


Innate Abilities, Weirdness & Mutations

You are immune to sickness and miasma.
Your stone body is resilient. (AC +6)
You are immune to poison.
You resist negative energy. (rN+)
You are resistant to electric shocks. (rElec)
You are resistant to unholy torment.
You are immune to petrification.


   Skills:
 - Level 6.2(11.2) Fighting
 + Level 9.0(14.0) Ranged Weapons
 - Level 2.4(7.4) Armour
 - Level 3.1(8.1) Dodging
 - Level 1.0 Spellcasting
 - Level 2.6 Hexes
 - Level 4.1 Invocations


You had 9 spell levels left.
You knew the following spells:

 Your Spells              Type           Power      Damage    Failure   Level
a - Slow                  Hex            32%        N/A       17%         1

Your spell library contained the following spells:

 Spells                   Type           Power      Damage    Failure   Level
 Inner Flame              Hex/Fire       4%         N/A       65%         3
 Portal Projectile        Hex/Tloc       8%         N/A       65%         3
 Cause Fear               Hex            4%         N/A       86%         4

Inventory:

Hand Weapons
 a - a +0 orcbow (weapon)
Armour
 b - a +0 ring mail (worn)
 i - a +2 pair of boots (worn)
Jewellery
 g - an amulet of the acrobat
 h - a +6 ring of dexterity (left hand)
 m - a +4 ring of slaying (right hand) {mikee}
 o - an amulet of faith (around neck)
Scrolls
 c - a scroll of identify
 e - 4 scrolls of teleportation
Potions
 d - a potion of degeneration {unknown}
 f - a potion of might
 j - 7 potions of curing
 k - a potion of brilliance {unknown}
 l - a potion of lignification {unknown}
 n - a potion of enlightenment {unknown}
 p - a potion of haste

Dungeon Overview and Level Annotations

Branches:
Dungeon (7/15)             Temple (1/1) D:5

Altars:
Cheibriados
Elyvilon
Fedhas
Gozag
Hepliaklqana
Makhleb
Nemelex Xobeh
Okawaru
Ru
Sif Muna
Trog
Uskayaw
Vehumet
Xom
Yredelemnul
The Shining One

Shops:
D:2 !   D:6 !

Annotations:
D:4 1 runed translucent door, Crazy Yiuf


Message History

The killer bee barely misses you.
The killer bee stings you but does no damage.
The killer bee stings you. The quasit barely misses you.
The quasit closely misses you. The quasit completely misses you.
You shoot an arrow. The arrow barely misses the killer bee.
The killer bee misses you. The killer bee barely misses you.
The killer bee stings you. The quasit barely misses you.
The quasit claws you but does no damage.
The quasit closely misses you. The killer bee misses you.
The killer bee barely misses you. The killer bee closely misses you.
You shoot an arrow. The arrow misses the killer bee.
The killer bee barely misses you. The killer bee closely misses you.
The killer bee misses you. The quasit closely misses you.
The quasit completely misses you. The quasit misses you.
The killer bee barely misses you. The killer bee completely misses you.
The killer bee misses you.
The quasit bites you but does no damage.
The quasit claws you but does no damage.
The quasit closely misses you.
You shoot an arrow. The arrow hits the killer bee.
The killer bee is almost dead.
The killer bee completely misses you.
The killer bee stings you but does no damage.
The killer bee closely misses you.
The killer bee stings you but does no damage.
The killer bee closely misses you. x2
The quasit bites you but does no damage.
The quasit closely misses you. The quasit barely misses you.
You shoot an arrow. The arrow hits the killer bee!
You kill the killer bee!
Okawaru accepts your kill.
Your surroundings suddenly seem different.
A quasit, a red devil, 5 orcs and a troll come into view.
Found a stone staircase leading down.
The orc wizard shouts!
The orc shouts! x3; You hear a chilling moan.
The quasit gives a chilling moan.
The orc wizard hits you with a +0 dagger.
The orc priest calls down the wrath of Beogh upon you.
Beogh smites you!
You die...

#.........#
#.........#
#.......PP4
#...T...~~.
#....P~~~~P
##.>..o~~~~~
#.....o~..~.
#...@o7
.....#....oo.#
.5# ##......#
######... .# #
#.


You could see a troll, a red devil (wandering), an orc priest, an orc wizard, a
quasit and 3 orcs.

Vanquished Creatures
  4 water moccasins
  An ice beast (D:6)
  An orc warrior (D:7)
  A centaur (D:9)
  A black bear (D:6)
  A phantom (D:5)
  Blork the orc (D:4)
  3 bullfrogs
  A scorpion (D:5)
  A gnoll sergeant (D:6)
  3 killer bees (D:9)
  4 hounds
  2 orc priests (D:4)
  Natasha (thrice) (D:4)
  6 iguanas
  5 orc wizards (D:6)
  4 gnolls (D:6)
  10 adders
  An ufetubus (D:7)
  A worm (D:3)
  4 dart slugs
  20 orcs
  12 ball pythons
  4 bats
  6 endoplasms
  5 giant cockroaches
  7 goblins
  6 hobgoblins
  14 jackals
  4 kobolds
  8 quokkas
  4 frilled lizards
  9 rats
157 creatures vanquished.

Notes
Turn   | Place    | Note
-------+----------+-------------------------------------------
     0 | D:1      | qw the Gargoyle Hexslinger began the quest for the Orb.
     0 | D:1      | Reached XP level 1. HP: 12/12 MP: 2/2
     0 | D:1      | 0 ||| qw: Version: 0.3-a-52-g30416fa
     0 | D:1      | 0 ||| qw: Game counter: 6176
     0 | D:1      | 0 ||| qw: Melee chars always use a shield: true
     0 | D:1      | 0 ||| qw: God list: Okawaru
     0 | D:1      | 0 ||| qw: Allow faded altars: false
     0 | D:1      | 0 ||| qw: Do Orc after clearing Dungeon:15 true
     0 | D:1      | 0 ||| qw: Do second Lair branch before Depths: true
     0 | D:1      | 0 ||| qw: Lair rune preference: random
     0 | D:1      | 0 ||| qw: Goals: Normal
     0 | D:1      | 0 ||| PLANNING D:1-11
    19 | D:1      | Found a faded altar of an unknown god.
    68 | D:1      | Reached XP level 2. HP: 16/16 MP: 3/3
    89 | D:1      | Reached skill level 3 in Ranged Weapons
   239 | D:1      | Reached XP level 3. HP: 21/21 MP: 4/4
   667 | D:1      | 667 ||| SWAPPING to +1 antimagic sling.
   668 | D:1      | 668 ||| DROPPING +1 sling.
   927 | D:1      | 927 ||| UPGRADING to amulet of the acrobat.
   932 | D:1      | 932 ||| READING scroll labelled UHETOCS GEAFI.
   933 | D:1      | 933 ||| READING scroll labelled EFENOT DEUXZUH.
   934 | D:1      | 934 ||| READING scroll labelled YJAUCZEU JILO.
   939 | D:1      | 939 ||| READING scroll labelled MURIZUWNAO.
   940 | D:1      | 940 ||| DROPPING scroll of poison.
  1047 | D:2      | Reached XP level 4. HP: 26/26 MP: 1/5
  1117 | D:2      | Reached skill level 4 in Ranged Weapons
  1407 | D:2      | Found Zylyur's Distillery.
  1413 | D:2      | 1413 ||| BUYING potion of curing (39 gold).
  1413 | D:2      | Bought a potion of curing for 39 gold pieces
  1413 | D:2      | 1413 ||| SHOPLISTING potion of mutation (104 gold, have
                  | 31).
  1413 | D:2      | 1413 ||| SHOPLISTING potion of resistance (130 gold, have
                  | 31).
  1711 | D:2      | 1711 ||| UPGRADING to +6 ring of dexterity.
  1712 | D:2      | 1712 ||| READING scroll labelled JIYCHUX UZUC.
  1730 | D:2      | 1730 ||| READING scroll labelled UWNIGH YNIMPYHAG.
  1731 | D:2      | 1731 ||| DRINKING 2 pink potions.
  1732 | D:2      | 1732 ||| DRINKING 2 lumpy sapphire potions.
  1733 | D:2      | 1733 ||| DROPPING potion of attraction.
  1734 | D:2      | 1734 ||| DROPPING potion of magic.
  2052 | D:3      | Found a sacrificial altar of Ru.
  2074 | D:3      | Reached XP level 5. HP: 30/30 MP: 2/6
  2179 | D:3      | Found a white marble altar of Elyvilon.
  2188 | D:3      | Found a blossoming altar of Fedhas.
  2271 | D:3      | Reached skill level 5 in Ranged Weapons
  2479 | D:3      | 2479 ||| READING scroll labelled KAKESU CO POC.
  2480 | D:3      | 2480 ||| READING scroll labelled BAXISY GANWUS.
  2526 | D:4      | 2526 ||| STAIRDANCE
  2633 | D:4      | Reached skill level 3 in Fighting
  2642 | D:4      | Reached XP level 6. HP: 27/37 MP: 2/7
  2819 | D:4      | 2819 ||| Stepping ~*~*~tactically~*~*~ (outnumbered).
  3045 | D:4      | Found a runed translucent door.
  3046 | D:4      | Noticed Crazy Yiuf
  3081 | D:4      | Noticed Blork the orc
  3100 | D:4      | Killed Blork the orc
  3101 | D:4      | Reached skill level 6 in Ranged Weapons
  3191 | D:4      | Noticed Natasha
  3199 | D:4      | Killed Natasha
  3456 | D:4      | Noticed Natasha
  3473 | D:4      | Killed Natasha
  3478 | D:4      | Noticed Natasha
  3481 | D:4      | Killed Natasha
  3482 | D:4      | Reached XP level 7. HP: 39/42 MP: 2/8
  3567 | D:4      | 3567 ||| UPGRADING to +0 leather armour.
  3577 | D:4      | 3577 ||| DROPPING +0 robe.
  3578 | D:4      | 3578 ||| UPGRADING to +0 pair of boots.
  3583 | D:4      | 3583 ||| UPGRADING to +4 ring of slaying {mikee}.
  3584 | D:4      | 3584 ||| DROPPING ring of ice.
  3615 | D:5      | Entered Level 5 of the Dungeon
  3646 | D:5      | Reached skill level 1 in Armour
  3859 | D:5      | Found a staircase to the Ecumenical Temple.
  3860 | D:5      | 3860 ||| PLANNING TEMPLE
  3868 | Temple   | Entered the Ecumenical Temple
  3933 | Temple   | 3933 ||| PLANNING OKAWARU WORSHIP
  4147 | Temple   | Became a worshipper of Warmaster Okawaru
  4148 | Temple   | 4148 ||| PLANNING D:1-11
  4231 | D:5      | Reached skill level 7 in Ranged Weapons
  4301 | D:5      | Reached XP level 8. HP: 34/48 MP: 3/9
  4509 | D:5      | Reached * piety under Okawaru
  4605 | D:5      | Reached skill level 8 in Ranged Weapons
  4605 | D:5      | Reached skill level 1 in Invocations
  4781 | D:5      | 4781 ||| UPGRADING to amulet of faith.
  4791 | D:5      | 4791 ||| READING 2 scrolls of identify.
  4791 | D:5      | 4791 ||| IDENTIFYING ruby potion
  4792 | D:5      | 4792 ||| DROPPING potion of invisibility.
  4932 | D:6      | 4932 ||| READING scroll of enchant armour.
  4932 | D:6      | 4932 ||| ENCHANTING +0 pair of boots.
  5007 | D:6      | Reached skill level 3 in Invocations
  5033 | D:6      | Found Hugyg's Distillery.
  5043 | D:6      | 5043 ||| BUYING potion of curing (30 gold).
  5043 | D:6      | Bought a potion of curing for 30 gold pieces
  5043 | D:6      | 5043 ||| BUYING potion of haste (100 gold).
  5043 | D:6      | Bought a potion of haste for 100 gold pieces
  5043 | D:6      | 5043 ||| SHOPLISTING potion of magic (80 gold, have 14).
  5043 | D:6      | 5043 ||| SHOPLISTING potion of mutation (80 gold, have 14).
  5049 | D:6      | 5049 ||| READING scroll of enchant armour.
  5049 | D:6      | 5049 ||| ENCHANTING +1 pair of boots.
  5364 | D:6      | 5364 ||| INVOKING Heroism.
  5374 | D:6      | Reached skill level 9 in Ranged Weapons
  5506 | D:6      | Reached XP level 9. HP: 54/54 MP: 4/12
  5511 | D:6      | Reached ** piety under Okawaru
  5512 | D:6      | Reached skill level 3 in Dodging
  5740 | D:6      | 5740 ||| UPGRADING to +0 ring mail.
  5750 | D:6      | 5750 ||| DROPPING +0 leather armour.
  5751 | D:6      | 5751 ||| READING 2 scrolls labelled EGET MEPLE.
  5752 | D:6      | 5752 ||| DRINKING 2 sedimented sapphire potions.
  5753 | D:6      | 5753 ||| DROPPING scroll of immolation.
  5804 | D:7      | 5804 ||| INVOKING Heroism.
  5829 | D:7      | 5829 ||| STAIRDANCE
  5897 | D:7      | 5897 ||| SWAPPING to +0 orcbow.
  5959 | D:7      | 5959 ||| DROPPING +2 antimagic sling.
  6108 | D:7      | You fall into a shaft and drop 2 floors!
  6117 | D:9      | 6117 ||| INVOKING Heroism.
  6121 | D:9      | Reached skill level 6 in Fighting
  6128 | D:9      | HP: 11/55 [killer bee (5)]
  6129 | D:9      | 6129 ||| READING 5 scrolls of teleportation.
  6131 | D:9      | HP: 5/55 [killer bee (3)]
  6134 | D:9      | Noticed a red devil
  6134 | D:9      | Noticed a troll
  6134 | D:9      | Killed from afar by an orc priest

Levels and vault maps discovered:
D:1:      minmay_arrival_hallway, layout_basic,
          hellmonk_ecumenical_altar_pennies_from_heaven,
          minmay_misc_feat_enclosed, hangedman_decor_push
D:2:      layout_basic, serial_shops, nicolae_diamond_shop
D:3:      layout_loops_ring, nicolae_ru_awakened_eye, mainiacjoe_overflow_swirl
D:4:      layout_cave_pods, uniq_blork_the_orc, uniq_crazy_yiuf_cottage,
          uniq_natasha
D:5:      nicolae_cairo_tiling_large, layout_basic,
          minmay_temple_entry_drinking_statues
D:6:      layout_loops_corners, serial_shops, nicolae_diamond_shop
D:7:      layout_basic, nicolae_kite_square_tiling_tiny
D:9:      layout_rooms, zin_angel, serial_demonic, serial_demonic_g,
          serial_demonic_a, serial_demonic_c, serial_demonic_c,
          serial_demonic_b, serial_demonic_c, serial_demonic_f
Temple:   oiseaux_autumnal_temple

Skill      XL: |  1  2  3  4  5  6  7  8  9 |
---------------+----------------------------+-----
Ranged Weapons | 3 4 5 6 7 9 |  9.0
Fighting       | 2 3 4 5 6 |  6.2
Dodging        | 2 3 |  3.1
Armour         | 1 2 |  2.4
Invocations    | 4 |  4.1
Spellcasting   | |  1.0
Hexes          | |  2.6

Action                     |  1- 3 |  4- 6 |  7- 9 || total
---------------------------+-------+-------+-------++-------
   Fire: Sling             |   134 |   231 |   196 ||   561
         Orcbow            |       |       |    25 ||    25
 Invoke: Heroism           |       |       |     3 ||     3
    Use: Scroll            |     4 |     4 |     5 ||    13
         Potion            |       |     2 |     1 ||     3
 Armour: Robe              |    22 |    33 |       ||    55
         Leather armour    |       |       |    35 ||    35
         Ring mail         |       |       |    32 ||    32
  Dodge: Dodged            |    30 |    88 |   120 ||   238

Table legend:
 A = Non-vault XP
 B = Vault XP
 C = Vault XP percentage of total XP
 D = Non-vault monster count
 E = Vault monster count
 F = Vault count percentage of total count
                 A         B        C        D         E       F
            +---------+---------+-------+---------+---------+-------
      Total |    2970 |     136 |   4.4 |     155 |       2 |   1.3
            +---------+---------+-------+---------+---------+-------
        D:1 |      66 |       0 |   0.0 |      38 |       0 |   0.0
        D:2 |      45 |       0 |   0.0 |      20 |       0 |   0.0
        D:3 |     139 |       0 |   0.0 |      23 |       0 |   0.0
        D:4 |     260 |     136 |  34.3 |      16 |       2 |  11.1
        D:5 |     908 |       0 |   0.0 |      21 |       0 |   0.0
        D:6 |     947 |       0 |   0.0 |      27 |       0 |   0.0
        D:7 |     294 |       0 |   0.0 |       6 |       0 |   0.0
        D:9 |     311 |       0 |   0.0 |       4 |       0 |   0.0
            +---------+---------+-------+---------+---------+-------
